 Dungeon Sprint DCSS version 0.28.0-43-g3370ac3207 (webtiles) character file.

Game seed: 12052484770670489415

18242 boopmooplesden the Executioner (level 12, -10/199 HPs)
             Began as a Minotaur Berserker on Mar 13, 2022.
             Was the Champion of Trog.
             Mangled by an azure jelly (42 damage)
             ... in the Dungeon (Sprint III: "The Ten Rune Challenge").
             The game lasted 00:09:58 (3105 turns).

boopmooplesden the Executioner (Minotaur Berserker) Turns: 3105, Time: 00:09:59

Health: -10/199    AC: 23    Str: 22    XL:     12   Next: 26%
Magic:  4/11       EV: 10    Int:  4    God:    Trog [******]
Gold:   1197       SH:  0    Dex: 11    Spells: 11/11 levels left

rFire   . . .      SeeInvis .   l - +8 executioner's axe (flame)
rCold   . . .      Faith    .   (shield currently unavailable)
rNeg    . . .      Spirit   .   v - +3 plate armour {Will+}
rPois   .          Reflect  .   (helmet restricted)
rElec   .          Harm     .   t - +0 cloak
rCorr   .          Rampage  .   s - +0 pair of gloves
Will    +....      NoTele   +   j - +0 pair of boots
Stlth   ..........              (no amulet)
HPRegen 0.43/turn               (no ring)
MPRegen 0.12/turn               (no ring)

@: berserking (expiring), very quick
A: horns 2, retaliatory headbutt, dopey 1, weak 1
a: Renounce Religion, Berserk, Trog's Hand, Brothers in Arms


You were in the Dungeon.
You worshipped Trog.
Trog was exalted by your worship.
You visited 1 branch You collected 2254 gold pieces.
You spent 1057 gold pieces at shops.

Inventory:

Hand Weapons
 a - a +0 hand axe
 i - a +2 spectral club
 k - the +9 executioner's axe of Conscience {antimagic, Str+2}
   (Trog gifted it to you in the Dungeon)

   It reduces the magical energy of the wielder, and disrupts the spells and
   magical abilities of those it strikes.
   Natural abilities and divine invocations are not affected.
   Str:       It affects your strength (+2).
 l - a +8 executioner's axe of flaming (weapon)
 p - a +2 long sword of holy wrath
 q - a +4 antimagic broad axe
 r - a +5 great mace of flaming
 w - a +2 great sword
Armour
 b - a +0 animal skin
 j - a +0 pair of boots (worn)
 s - a +0 pair of gloves (worn)
 t - a +0 cloak (worn)
 u - a +2 buckler of fire resistance
 v - a +3 plate armour of willpower (worn)
 x - a +0 hat
Scrolls
 h - a scroll of blinking
Potions
 c - a potion of curing
 d - a potion of heal wounds
 e - a potion of haste
 f - 2 potions of magic
 g - a potion of berserk rage
 m - a potion of ambrosia
 o - 3 potions of flight
 z - a potion of might


   Skills:
 + Level 20.2 Fighting
 + Level 21.5(22.5) Axes
 + Level 11.5(17.8) Maces & Flails
 + Level 13.5 Armour
 + Level 10.6 Dodging
 + Level 6.6 Stealth
 + Level 8.9 Shields


You had 11 spell levels left.
You didn't know any spells.
Your spell library was empty.

Dungeon Overview and Level Annotations

Branches:
Dungeon (1/1)

Altars:
Cheibriados
Dithmenos
Elyvilon
Fedhas
Gozag
Hepliaklqana
Kikubaaqudgha
Makhleb
Nemelex Xobeh
Okawaru
Qazlal
Ru
Sif Muna
Trog
Uskayaw
Vehumet
Wu Jian
Xom
Yredelemnul
Zin
The Shining One
Beogh
Jiyva
Lugonu

Shops:
D [


Innate Abilities, Weirdness & Mutations

You have a pair of horns on your head.
You reflexively headbutt those who attack you in melee.
You are dopey. (Int -2)
You are weak. (Str -2)


Message History

You feel a strong urge to attack something.
Things that are here:
a +0 great mace of draining; a +0 chain mail You slash the azure jelly!
You burn the azure jelly.
The azure jelly is moderately wounded.
You barely miss the azure jelly.
The azure jelly is moderately wounded.
The azure jelly closely misses you.
The azure jelly hits you but does no damage. x2
The azure jelly hits you.
* * * LOW HITPOINT WARNING * * *
You slice the azure jelly!! You burn the azure jelly!
The azure jelly is almost dead.
The azure jelly closely misses you.
The azure jelly hits you but does no damage. x3
You chop the azure jelly into pieces!!! You burn the azure jelly!
You kill the azure jelly!
Trog accepts your kill.
You closely miss the azure jelly. Your headbutt misses the azure jelly.
The azure jelly hits you but does no damage. x2
The azure jelly misses you.
The azure jelly hits you but does no damage.
You slash the azure jelly! You burn the azure jelly.
The azure jelly is lightly wounded.
You closely miss the azure jelly. You headbutt the azure jelly!
The azure jelly is moderately wounded.
The azure jelly barely misses you.
The azure jelly hits you but does no damage.
The azure jelly closely misses you. x2
You closely miss the azure jelly. Your headbutt misses the azure jelly.
The azure jelly is moderately wounded.
The azure jelly hits you but does no damage. x4
You closely miss the azure jelly.
The azure jelly is moderately wounded.
You barely miss the azure jelly.
The azure jelly is moderately wounded.
The azure jelly hits you.
* * * LOW HITPOINT WARNING * * *
The azure jelly freezes you!!!
You die...

#..# #.. ####....#___#
▓▓▓▓▓▓▓▓▓▓▓▓▓▓▓▓▓▓▓▓▓▓
▓...)≈≈.≈≈.≈≈≈♣♣.....♣
▓...#≈≈≈≈§.≈≈.♣♣.≈≈≈≈'
▓...#≈≈≈§§§≈≈≈≈†...†)#
▓...#≈≈≈§§§≈.≈♣♣♣♣♣♣♣#
▓...#.≈≈≈.≈≈≈≈♣ #
▓##'####'#######♣
▓..JJ@..........♣♣
▓#'#############'♣
▓...#≈P....†.†...♣
▓...+≈≈...########
▓...#≈≈≈†........
▓...#≈≈≈≈...PP...
#+#############+#


You could see 2 azure jellies.

Vanquished Creatures
  Rupert (D)
  Gastronok (D)
  2 azure jellies (D)
  2 dire elephants (D)
  Snorg (D)
  A centaur warrior (D)
  4 death yaks (D)
  An orc sorcerer (D)
  A deep elf pyromancer (D)
  An orc knight (D)
  2 elephants (D)
  2 black mambas (D)
  2 cane toads (D)
  A rime drake (D)
  An unseen horror (D)
  A komodo dragon (D)
  A queen bee (D)
  3 wandering mushrooms (D)
  8 blink frogs (D)
  A shadow (D)
  A spatial vortex (D)
  3 orc warriors (D)
  A swamp drake (D)
  A necrophage (D)
  2 centaurs (D)
  An earth elemental (D)
  A water elemental (D)
  A scorpion (D)
  32 killer bees (D)
  2 orc priests (D)
  A jelly (D)
  Jessica (D)
  A wizard (D)
  3 orc wizards (D)
  A necromancer (D)
  3 humans (D)
  A kobold demonologist (D)
  6 orcs (D)
  An endoplasm (D)
  A hobgoblin (D)
  A quokka (D)
  2 rats (D)
104 creatures vanquished.

Vanquished Creatures (others)
  A ballistomycete spore (D)
  5 plants (D)
6 creatures vanquished.

Grand Total: 110 creatures vanquished

Notes
Turn   | Place    | Note
-------+----------+-------------------------------------------
     0 | D        | boopmooplesden the Minotaur Berserker began the quest for
                  | the Orb.
     0 | D        | Reached XP level 1. HP: 19/19 MP: 0/0
    13 | D        | Reached skill level 4 in Axes
    32 | D        | Reached ** piety under Trog
    34 | D        | Noticed Jessica
    39 | D        | HP: 1/20 [Jessica/+2 spectral club (5)]
    40 | D        | Killed Jessica
    41 | D        | Reached skill level 5 in Fighting
    41 | D        | Reached skill level 5 in Axes
    41 | D        | Reached XP level 2. HP: 2/30 MP: 1/1
    41 | D        | Reached XP level 3. HP: 2/37 MP: 2/2
   621 | D        | Noticed a scorpion
   626 | D        | Reached skill level 6 in Axes
   629 | D        | Killed a scorpion
   630 | D        | Reached skill level 7 in Axes
   630 | D        | Reached XP level 4. HP: 48/48 MP: 3/3
   652 | D        | Gained mutation: You are dopey. (Int -2) [potion of
                  | mutation]
   652 | D        | Gained mutation: You are agile. (Dex +2) [potion of
                  | mutation]
   653 | D        | Lost mutation: You are agile. (Dex +2) [potion of mutation]
   653 | D        | Lost mutation: You are dopey. (Int -2) [potion of mutation]
   653 | D        | Gained mutation: You are somewhat resistant to further
                  | mutation. [potion of mutation]
   653 | D        | Gained mutation: Your movements are slightly less
                  | encumbered by armour. (ER -2) [potion of mutation]
   654 | D        | Lost mutation: Your movements are slightly less encumbered
                  | by armour. (ER -2) [potion of mutation]
   654 | D        | Lost mutation: You are somewhat resistant to further
                  | mutation. [potion of mutation]
   654 | D        | Gained mutation: You have a pair of large horns on your
                  | head. [potion of mutation]
   654 | D        | Gained mutation: Your spells are a little harder to cast,
                  | but a little more powerful. [potion of mutation]
   655 | D        | Lost mutation: You have a pair of large horns on your head.
                  | [potion of mutation]
   655 | D        | Lost mutation: Your spells are a little harder to cast, but
                  | a little more powerful. [potion of mutation]
   655 | D        | Gained mutation: You are somewhat resistant to further
                  | mutation. [potion of mutation]
   656 | D        | Lost mutation: You are somewhat resistant to further
                  | mutation. [potion of mutation]
   656 | D        | Gained mutation: You are dopey. (Int -2) [potion of
                  | mutation]
   656 | D        | Gained mutation: You are weak. (Str -2) [potion of
                  | mutation]
   764 | D        | Noticed a water elemental
   769 | D        | Killed a water elemental
   769 | D        | Reached *** piety under Trog
   770 | D        | Reached skill level 8 in Axes
   770 | D        | Reached skill level 1 in Maces & Flails
   770 | D        | Reached XP level 5. HP: 56/56 MP: 4/4
   816 | D        | Found a basalt altar of Yredelemnul.
   816 | D        | Found a shadowy altar of Dithmenos.
   816 | D        | Found a sacrificial altar of Ru.
   816 | D        | Noticed a necrophage
   821 | D        | Killed a necrophage
   822 | D        | Reached skill level 9 in Axes
   822 | D        | Reached skill level 5 in Armour
   822 | D        | Reached skill level 1 in Stealth
   823 | D        | Reached skill level 5 in Dodging
   823 | D        | Reached XP level 6. HP: 66/66 MP: 5/5
   854 | D        | Found a hide-covered altar of Uskayaw.
   854 | D        | Found an iron altar of Okawaru.
   967 | D        | Found a bloodstained altar of Trog.
   967 | D        | Found an ornate altar of the Wu Jian Council.
   967 | D        | Noticed a human
   967 | D        | Noticed a human
   972 | D        | Killed a human
   973 | D        | Reached skill level 10 in Fighting
   973 | D        | Reached skill level 10 in Axes
   976 | D        | Killed a human
   976 | D        | Reached **** piety under Trog
   977 | D        | Reached XP level 7. HP: 74/74 MP: 6/6
  1017 | D        | Found a glowing silver altar of Zin.
  1017 | D        | Found a glowing golden altar of the Shining One.
  1017 | D        | Found a white marble altar of Elyvilon.
  1017 | D        | Noticed a deep elf pyromancer
  1022 | D        | Killed a deep elf pyromancer
  1023 | D        | Reached skill level 12 in Axes
  1023 | D        | Reached skill level 5 in Maces & Flails
  1056 | D        | Found a radiant altar of Vehumet.
  1058 | D        | Found a shimmering blue altar of Sif Muna.
  1058 | D        | Found an ancient bone altar of Kikubaaqudgha.
  1061 | D        | Reached ***** piety under Trog
  1092 | D        | Noticed a shadow
  1098 | D        | Killed a shadow
  1099 | D        | Reached XP level 8. HP: 69/86 MP: 7/7
  1105 | D        | Found a blossoming altar of Fedhas.
  1105 | D        | Found a stormy altar of Qazlal.
  1105 | D        | Found a snail-covered altar of Cheibriados.
  1105 | D        | Found a burning altar of Makhleb.
  1105 | D        | Found a shimmering altar of Xom.
  1106 | D        | Found a hazy altar of Hepliaklqana.
  1106 | D        | Found an opulent altar of Gozag.
  1106 | D        | Found a sparkling altar of Nemelex Xobeh.
  1106 | D        | Found a corrupted altar of Lugonu.
  1106 | D        | Found a viscous altar of Jiyva.
  1323 | D        | Noticed Snorg
  1335 | D        | Killed Snorg
  1336 | D        | Reached skill level 13 in Axes
  1396 | D        | Found Eta Xopn's Armour Emporium.
  1396 | D        | Noticed an orc knight
  1404 | D        | Killed an orc knight
  1405 | D        | Reached skill level 5 in Stealth
  1405 | D        | Reached XP level 9. HP: 96/96 MP: 8/8
  1409 | D        | Received a gift from Trog
  1410 | D        | Noticed an orc sorcerer
  1412 | D        | Noticed a sun demon
  1415 | D        | Reached skill level 15 in Fighting
  1418 | D        | Noticed an ice devil
  1419 | D        | Killed an orc sorcerer
  1427 | D        | Reached ****** piety under Trog
  1427 | D        | Received a gift from Trog
  1448 | D        | Received a gift from Trog
  1637 | D        | Bought a +0 pair of gloves for 63 gold pieces
  1637 | D        | Bought a +0 cloak for 63 gold pieces
  1637 | D        | Bought a +2 buckler of fire resistance for 301 gold pieces
  1637 | D        | Bought a +3 plate armour of willpower for 630 gold pieces
  1787 | D        | Noticed a centaur warrior
  1791 | D        | Killed a centaur warrior
  1792 | D        | Reached skill level 14 in Axes
  1792 | D        | Reached skill level 10 in Maces & Flails
  1792 | D        | Reached XP level 10. HP: 107/107 MP: 3/9
  1836 | D        | Received a gift from Trog
  1837 | D        | Reached skill level 1 in Shields
  1874 | D        | Reached skill level 10 in Dodging
  1885 | D        | Received a gift from Trog
  1913 | D        | Received a gift from Trog
  1915 | D        | Reached skill level 15 in Axes
  1939 | D        | Received a gift from Trog
  1969 | D        | Received a gift from Trog
  2077 | D        | Reached skill level 16 in Axes
  2134 | D        | Noticed a cane toad
  2134 | D        | Noticed a cane toad
  2140 | D        | Killed a cane toad
  2147 | D        | Killed a cane toad
  2210 | D        | Received a gift from Trog
  2211 | D        | Reached skill level 17 in Axes
  2211 | D        | Reached skill level 10 in Armour
  2338 | D        | Reached skill level 5 in Shields
  2338 | D        | Reached XP level 11. HP: 117/117 MP: 3/10
  2379 | D        | Noticed a dire elephant
  2379 | D        | Noticed a dire elephant
  2379 | D        | Noticed Gastronok
  2383 | D        | Received a gift from Trog
  2388 | D        | Reached skill level 18 in Axes
  2404 | D        | Killed a dire elephant
  2408 | D        | Killed a dire elephant
  2427 | D        | Killed Gastronok
  2428 | D        | Reached skill level 19 in Axes
  2833 | D        | Noticed an azure jelly
  2833 | D        | Noticed an azure jelly
  2833 | D        | Noticed an azure jelly
  2833 | D        | Noticed an azure jelly
  2836 | D        | Noticed Rupert
  2837 | D        | Paralysed by Rupert for 2 turns
  2848 | D        | Killed Rupert
  2971 | D        | Noticed a death yak
  2971 | D        | Noticed a death yak
  2979 | D        | Killed a death yak
  2979 | D        | Noticed a death yak
  2980 | D        | Reached skill level 20 in Axes
  2983 | D        | Noticed a death yak
  2985 | D        | Killed a death yak
  2985 | D        | Identified the +9 executioner's axe of Conscience
                  | {antimagic, Str+2} (Trog gifted it to you in the Dungeon)
  2985 | D        | Received a gift from Trog
  2989 | D        | Killed a death yak
  2994 | D        | Killed a death yak
  2996 | D        | Reached XP level 12. HP: 130/130 MP: 3/11
  3039 | D        | Received a gift from Trog
  3040 | D        | Reached skill level 21 in Axes
  3093 | D        | Killed an azure jelly
  3099 | D        | Killed an azure jelly
  3105 | D        | Mangled by an azure jelly

Illustrated notes

Levels and vault maps discovered:
D:        dungeon_sprint_mu [sprint_mu_entry_cave, sprint_mu_temple_rooms,
          sprint_mu_d1_horrors, sprint_mu_d2_genie, sprint_mu_d3_branching,
          sprint_mu_orc_legion, sprint_mu_elf_gauntlet, sprint_mu_hive_nellie,
          sprint_mu_lair_fedhas, sprint_mu_vaults_butterflies,
          sprint_mu_slime_circle, sprint_mu_swamp_cave, sprint_mu_shoals_archi,
          sprint_mu_blade_basic, sprint_mu_crypt_lich, sprint_mu_tomb_spiral,
          sprint_mu_vestibule_basic, sprint_mu_gehenna_hellfire,
          sprint_mu_dis_giant, sprint_mu_tartarus_statrot,
          sprint_mu_cocytus_islands, sprint_mu_zot1]

Skill      XL: |  1  2  3  4  5  6  7  8  9 10 11 12 |
---------------+-------------------------------------+-----
Fighting       | 5 7 8 9 11 13 14 16 17 19 20 | 20.2
Axes           | 5 7 8 9 10 12 13 14 17 20 21 | 21.5
Armour         | 3 4 5 6 7 8 10 12 13 | 13.5
Dodging        | 3 4 5 6 7 8 9 10 | 10.6
Maces & Flails | 1 2 4 5 8 10 11 | 11.5
Stealth        | 1 2 3 5 6 |  6.6
Shields        | 5 8 |  8.9

Action                   |  1- 3 |  4- 6 |  7- 9 | 10-12 || total
-------------------------+-------+-------+-------+-------++-------
Melee: Hand axe          |     9 |       |       |       ||     9
       Headbutt          |     4 |     1 |    18 |    42 ||    65
       Club              |     6 |    17 |    68 |       ||    91
       Broad axe         |       |       |    12 |   231 ||   243
       Executioner's axe |       |       |       |    17 ||    17
Invok: Berserk           |     1 |     3 |     5 |     5 ||    14
  Use: Scroll            |     1 |       |       |     4 ||     5
       Potion            |       |     5 |     1 |       ||     6
 Stab: Distracted        |       |     2 |       |     1 ||     3
Armor: Animal skin       |     2 |       |     9 |       ||    11
       Plate armour      |       |       |     3 |   122 ||   125
Dodge: Dodged            |     4 |     6 |    58 |    85 ||   153
Block: Buckler           |       |       |     4 |    58 ||    62
